AoeStats
← KootH.

Arena

505688885Analyzed
4v4 RM · 22d ago on Sep 10, 2026· 51m 55s· 8 players
Game mode
Random Map
Map size
Large (8 player)
Population
200
Speed
Normal
Resources
Standard
Victory
Conquest
Starting age
Dark Age
Ending age
Imperial Age
RankedLock teamsTeams togetherTeam positionsShared explorationLock speedFull tech treeHidden civsTurbo modeCheats
Victory
Defeat
🇨🇳 Franks · China
1510
+13
🇨🇱 Italians · Chile
1492
+13
🇧🇷 Romans · Brazil
1445
+15
🇨🇳 Jurchens · China
1417
+16
🇫🇷 Koreans · France
1453
-15
🇨🇳 Mapuche · China
1431
-14
🇻🇪 Huns · Venezuela
1430
-14
🇨🇴 Berbers · Colombia
1425
-14
The REAL Pepsiman
11:23 Feudal Age
15:21 Castle Age
14:32 Double-Bit Axe
17:29 Wheelbarrow
17:19 Loom
21:57 Bow Saw
21:29 Horse Collar
23:00 Squires
25:33 Hand Cart
25:04 Town Watch
25:17 Gold Mining
26:08 Forging
30:42 Imperial Age
28:32 Scale Mail Armor
29:07 Iron Casting
29:38 Chain Mail Armor
30:56 Gold Shaft Mining
31:52 Conscription
31:53 Shinkichon
31:13 Heavy Rocket Cart
34:11 Plate Mail Armor
33:58 Elite Fire Lancer
34:08 Elite Fire Lancer
37:34 Siege Engineers
46:49 Two-Man Saw
Todas Mienten
11:20 Feudal Age
15:22 Castle Age
13:44 Double-Bit Axe
13:39 Horse Collar
15:04 Horse Collar
16:16 Bow Saw
16:07 Heavy Plow
23:54 Gold Mining
23:55 Stone Mining
24:42 Wheelbarrow
23:53 Town Watch
23:53 Loom
28:25 Imperial Age
26:05 Fletching
27:46 Bodkin Arrow
28:19 Padded Archer Armor
29:12 Bracer
30:16 Chemistry
29:40 Ballistics
30:44 Heavy Cavalry Archer
34:16 Conscription
34:13 Leather Archer Armor
35:27 Coinage
35:08 Guilds
34:58 Caravan
35:42 Parthian Tactics
35:50 Thumb Ring
36:22 Scale Barding Armor
36:27 Forging
37:14 Banking
36:26 Capped Ram
37:25 Siege Ram
37:35 Cavalier
38:41 Bloodlines
38:32 Husbandry
38:12 Light Cavalry
38:52 Husbandry
38:20 Light Cavalry
39:57 Chain Barding Armor
40:54 Masonry
41:31 Plate Barding Armor
42:28 Husbandry
43:39 Hussar
48:00 Iron Casting
47:43 Marauders
47:05 Elite Tarkan
48:18 Marauders
KootH.
10:21 Feudal Age
14:44 Castle Age
13:01 Double-Bit Axe
13:18 Horse Collar
15:38 Bow Saw
20:19 Heavy Plow
24:03 Wheelbarrow
25:37 Bloodlines
26:14 Hand Cart
27:15 Town Watch
27:22 Loom
30:18 Imperial Age
28:20 Husbandry
28:57 Light Cavalry
29:37 Gold Mining
29:37 Stone Mining
30:31 Scale Barding Armor
30:38 Forging
32:15 Chemistry
30:46 Heavy Camel Rider
31:24 Capped Ram
32:18 Hussar
34:51 Chain Barding Armor
39:14 Iron Casting
39:19 Plate Barding Armor
45:45 Crop Rotation
50:19 Blast Furnace
不会进攻
10:16 Feudal Age
14:26 Castle Age
12:52 Double-Bit Axe
16:55 Wheelbarrow
17:27 Loom
23:20 Hand Cart
29:03 Imperial Age
27:23 Fletching
27:33 Padded Archer Armor
27:45 Horse Collar
28:27 Bow Saw
28:28 Heavy Plow
28:07 Champi Runner
28:46 Bodkin Arrow
29:06 Leather Archer Armor
29:58 Ballistics
30:00 Elite Skirmisher
31:36 Ring Archer Armor
31:07 Scale Mail Armor
31:17 Forging
32:09 Conscription
31:29 Champi Warrior
33:25 Chemistry
32:40 Forging
32:30 Scale Mail Armor
32:36 Pikeman
35:05 Crop Rotation
34:25 Gold Mining
34:26 Stone Mining
35:37 Ring Archer Armor
35:22 Chain Mail Armor
34:54 Halberdier
36:28 Malon
39:11 Elite Champi Warrior
41:25 Iron Casting
41:05 Chain Mail Armor
43:09 Plate Mail Armor
43:41 Gold Shaft Mining
43:51 Arson
44:39 Masonry
45:35 Butalmapu
46:36 Capped Ram
52:23 Hoardings
MAZZUCCO
11:04 Feudal Age
15:09 Castle Age
14:26 Double-Bit Axe
14:22 Horse Collar
14:33 Gold Mining
14:52 Loom
16:05 Bow Saw
15:58 Heavy Plow
18:28 Town Watch
22:45 Wheelbarrow
25:24 Hand Cart
29:32 Imperial Age
28:58 Ballistics
30:12 Ballistas
29:53 Heavy Scorpion
30:21 Capped Ram
33:40 Chemistry
33:40 Siege Ram
38:59 Siege Engineers
39:05 Masonry
39:03 Fletching
41:31 Crop Rotation
44:31 Masonry
44:37 Murder Holes
46:00 Caravan
_Mewtwo
8:17 Loom
10:21 Feudal Age
14:05 Castle Age
11:57 Double-Bit Axe
12:23 Horse Collar
13:16 Gold Mining
17:44 Fletching
20:02 Bow Saw
26:41 Imperial Age
25:10 Bodkin Arrow
26:04 Heavy Plow
26:11 Padded Archer Armor
27:19 Ballistics
27:33 Leather Archer Armor
27:46 Conscription
31:13 Bracer
33:11 Chemistry
34:03 Scale Mail Armor
35:26 Ring Archer Armor
36:48 Wheelbarrow
39:18 Hand Cart
41:41 Elite Skirmisher
42:30 Thumb Ring
44:03 Chain Mail Armor
45:16 Forging
46:55 Plate Mail Armor
48:38 Iron Casting
50:23 Blast Furnace
49:53 Fortified Wall
小生怕怕
10:29 Feudal Age
14:16 Castle Age
12:53 Double-Bit Axe
17:39 Loom
22:20 Wheelbarrow
22:52 Bow Saw
22:56 Gold Mining
26:20 Gold Shaft Mining
26:27 Scale Barding Armor
26:32 Forging
29:25 Imperial Age
27:23 Hand Cart
28:23 Chain Barding Armor
28:39 Iron Casting
29:10 Husbandry
29:28 Cavalier
30:29 Conscription
30:49 Plate Barding Armor
31:22 Blast Furnace
30:47 Paladin
36:14 Town Watch
38:25 Caravan
41:59 Light Cavalry
43:29 Stone Mining
46:37 Coinage
49:30 Banking
Mustafa90
11:23 Feudal Age
15:12 Castle Age
13:04 Double-Bit Axe
13:12 Gold Mining
13:39 Horse Collar
17:08 Loom
20:03 Wheelbarrow
23:09 Fervor
27:19 Town Watch
28:14 Bow Saw
28:58 Hand Cart
29:34 Hand Cart
29:37 Heavy Plow
32:57 Imperial Age
31:34 Scale Barding Armor
31:40 Forging
31:23 Stone Mining
32:10 Gold Shaft Mining
32:20 Ballistics
31:41 Treadmill Crane
31:23 Pikeman
32:04 Squires
31:56 Fletching
33:00 Stone Shaft Mining
31:56 Elite Skirmisher
32:47 Siege Engineers
33:13 Chain Barding Armor
32:53 Padded Archer Armor
33:31 Bodkin Arrow
34:39 Chemistry
34:36 Leather Archer Armor
34:31 Bracer
34:59 Conscription
34:14 Light Cavalry
35:04 Bloodlines
34:55 Husbandry
35:49 Plate Barding Armor
35:48 Bloodlines
36:05 Masonry
37:16 Ring Archer Armor
37:21 Iron Casting
37:45 Scale Mail Armor
38:45 Architecture
39:54 Heavy Rocket Cart
40:50 Guard Tower
42:54 Keep
42:44 Arrowslits
43:02 Fortified Bastions
45:32 Blast Furnace
45:37 Hussar
46:06 Heavy Cavalry Archer
46:16 Hussar
48:56 Chain Mail Armor
49:10 Caravan
49:45 Guilds
50:32 Town Patrol
51:19 Crop Rotation
51:57 Two-Man Saw
Connection lost

Rejoining the realm…

Still unreachable

The connection could not be restored.

Session expired

The server has moved on; the page needs a fresh start.